 Dungeon Crawl Stone Soup version 0.29.1-1-gd02db6906a (webtiles) character file.

Game seed: 13436505844851323657

877 corgi the Skirmisher (level 8, -1/47 (48) HPs)
             Began as a Kobold Hunter on Oct 8, 2022.
             Was an Elder of Zin.
             Slain by a wight
             ... wielding a +0 halberd
              (10 damage)
             ... on level 5 of the Dungeon.
             The game lasted 00:28:09 (5707 turns).

corgi the Skirmisher (Kobold Hunter)                Turns: 5707, Time: 00:28:09

HP:   -1/47 (48)    AC:  5    Str:  9    XL:     8   Next: 25%
MP:   9/9           EV: 17    Int: 10    God:    Zin [****..]
Gold: 149           SH:  0    Dex: 20    Spells: 7/7 levels left

rFire   . . .      SeeInvis .   a - +1 shortbow
rCold   . . .      Faith    .   (shield currently unavailable)
rNeg    + . .      Spirit   .   f - +2 leather armour {rN+}
rPois   .          Reflect  .   (helmet restricted)
rElec   .          Harm     .   (no cloak)
rCorr   .          Rampage  .   (no gloves)
Will    +....                   (no boots)
Stlth   +++.......              s - amulet of magic regeneration
HPRegen 0.15/turn               d - ring of willpower
MPRegen 0.51/turn               m - ring of wizardry

@: on recite cooldown, lightly drained
A: small, no large weapons, nightstalker 3, antennae 1, low MP 1, MP-powered
wands
a: Renounce Religion, Recite, Vitalisation, Imprison, Donate Gold


You were on level 5 of the Dungeon.
You worshipped Zin.
Zin was greatly pleased with you.
You visited 1 branch of the dungeon, and saw 5 of its levels.

You collected 265 gold pieces.
You donated 116 gold pieces to Zin.

Inventory:

Hand Weapons
 a - a +1 shortbow (weapon)
 b - a +0 short sword
 l - a +2 dagger of freezing
Armour
 c - a +0 leather armour
 e - a +1 leather armour of cold resistance
 f - a +2 leather armour of positive energy (worn)
Jewellery
 d - a ring of willpower (left hand)
 k - a ring of flight
 m - a ring of wizardry (right hand)
 n - a ring of ice
 s - an amulet of magic regeneration (around neck)
Wands
 v - a wand of mindburst (13)
Scrolls
 g - 2 scrolls of immolation
 h - 4 scrolls of identify
 j - 2 scrolls of enchant weapon
 p - a scroll of teleportation
 r - a scroll of enchant armour
 u - a scroll of amnesia
Potions
 o - 2 potions of curing


   Skills:
 + Level 4.9 Fighting
 - Level 2.8 Short Blades
 * Level 8.4 Ranged Weapons
 + Level 5.7 Dodging
 + Level 2.0 Stealth
 - Level 3.2 Invocations


You had 7 spell levels left.
You didn't know any spells.
Your spell library contained the following spells:

 Spells                   Type           Power      Damage    Failure   Level
 Apportation              Tloc           0%         N/A       21%         1
 Necrotise                Necr           0%         1d4       21%         1
 Summon Small Mammal      Summ           0%         N/A       21%         1


Dungeon Overview and Level Annotations

Branches:
Dungeon (5/15)
 Temple: D:4-7

Altars:
Ashenzari
Elyvilon
Hepliaklqana
Kikubaaqudgha
Makhleb
Nemelex Xobeh
Uskayaw
Xom
Yredelemnul
Zin
The Shining One

Shops:
D:1 :   D:3 [

Annotations:
D:5 1 runed translucent door, Crazy Yiuf


Innate Abilities, Weirdness & Mutations

You are small and have problems with some larger weapons.
You are completely attuned to the shadows.
You have a pair of small antennae on your head.
Your magical capacity is low. (-10% MP)
You expend magic power (3 MP) to strengthen your wands.


Message History

You shoot an arrow. The arrow hits the wight.
The wight is moderately damaged. "...was displeased, for did the law not say that..."
The wight is limned with silver light.
You hear a shout!
The wight misses you. The wight hits you with a +3 battleaxe!
You partially resist.
You feel drained.
You shoot an arrow. The arrow hits the wight.
The wight is severely damaged. "...those who did not become pure would be castigated?"
The wight is limned with silver light. x2
You finish reciting Ablutions 6:50.
You hear a howl!
The wight completely misses you. The wight misses you.
Fire: a) +1 shortbow
Press: ? - help, Q - select action, (/) - cycle Shift-Dir - straight line, f/p - wight
Aim: a wight, wielding a +3 battleaxe and wearing a +0 robe (severely damaged, softly glowing, 83% to hit)
You shoot an arrow. The arrow hits the wight.
You destroy the wight!
Zin accepts your kill.
The wight barely misses you. x2; The wight completely misses you.
Your life force feels restored.
Your Stealth skill increases to level 2!
Fire: a) +1 shortbow
Press: ? - help, Q - select action, (/) - cycle Shift-Dir - straight line, f - wight
Aim: a wight, wielding a +0 battleaxe and wearing a +0 robe (softly glowing, 83% to hit)
You shoot an arrow. The arrow hits the wight!
The wight is severely damaged.
The wight hits you with a +0 battleaxe.
The wight hits you from afar with a +0 halberd!
* * * LOW HITPOINT WARNING * * *
You partially resist.
You feel drained.
* * * LOW HITPOINT WARNING * * *
Press: ? - help, v - describe, . - travel
Here: a wight, wielding a +0 halberd, wearing a +0 robe and wearing a ring of willpower (softly glowing)
The floor.
As you read the scroll of fog, it crumbles to dust.
The scroll dissolves into smoke.
The wight barely misses you.
The wight hits you from afar with a +0 halberd!
You die...

.........##.....##.#........#..##
..........#.....................#
................................#
................#...............#
........##......#......###++##).#
........##............## h{..##.#
##..##..##....###§§.#.# .....##.#
...#####.§##§.(#†####..g##.#
..#.#.zz@§§##.# #..
......z###§...## ##..
.......##......## ##...
................#####....
###.......##.............
#......##....##).......
#..##..###............. .....
........<......##. ....###
...............#.


You could see 3 wights.

Vanquished Creatures
  Menkaure (D:5)
  A black bear (D:4)
  A scorpion (D:4)
  A necrophage (D:4)
  2 wights (D:5)
  A vampire bat (D:4)
  2 jellies (D:5)
  2 hounds
  An orc priest (D:3)
  Ijyb (D:4)
  An iguana (D:4)
  3 gnolls
  5 adders
  A shadow imp (D:5)
  2 ufetubi
  A worm (D:4)
  4 dart slugs (D:3)
  5 orcs
  8 ball pythons
  3 bat skeletons (D:4)
  4 bat zombies (D:4)
  8 endoplasms
  5 giant cockroaches
  10 goblins
  6 hobgoblins
  11 jackals
  2 quokkas
  2 bats (D:3)
  4 frilled lizards
  9 kobolds
  5 rats
112 creatures vanquished.

Vanquished Creatures (others)
  8 fungi (D:5)
8 creatures vanquished.

Grand Total: 120 creatures vanquished

Notes
Turn   | Place    | Note
-------+----------+-------------------------------------------
     0 | D:1      | corgi the Kobold Hunter began the quest for the Orb.
     0 | D:1      | Reached XP level 1. HP: 12/12 MP: 1/1
   244 | D:1      | Found a faded altar of an unknown god.
   255 | D:1      | Prayed at the altar of an unknown god.
   255 | D:1      | Became a worshipper of Zin the Law-Giver
   255 | D:1      | Reached * piety under Zin
   312 | D:1      | Reached XP level 2. HP: 17/17 MP: 2/2
   339 | D:1      | Reached skill level 6 in Ranged Weapons
   428 | D:1      | Found Kacloal's Vocational Training.
   660 | D:1      | Reached ** piety under Zin
   696 | D:1      | Reached XP level 3. HP: 16/21 MP: 3/3
   703 | D:1      | HP: 1/21 [gnoll/+0 whip (1)]
  1206 | D:1      | Reached skill level 1 in Short Blades
  2223 | D:2      | Identified the +3 short sword "Waiser" {vorpal, rN+ Will+
                  | MP+9}
  2585 | D:2      | Reached XP level 4. HP: 27/27 MP: 4/4
  2959 | D:3      | Found a shimmering altar of Xom.
  2969 | D:3      | Gained mutation: You expend magic power (3 MP) to
                  | strengthen your wands. [potion of mutation]
  2969 | D:3      | Gained mutation: Your magical capacity is low. (-10% MP)
                  | [potion of mutation]
  2969 | D:3      | Gained mutation: You have a pair of small antennae on your
                  | head. [potion of mutation]
  2974 | D:3      | Reached XP level 5. HP: 32/32 MP: 4/4
  3135 | D:3      | Found a glowing silver altar of Zin.
  3176 | D:3      | Found a basalt altar of Yredelemnul.
  3226 | D:3      | Found Qojoad's Armour Emporium.
  3267 | D:3      | Found a glowing golden altar of the Shining One.
  3275 | D:3      | Found a white marble altar of Elyvilon.
  3281 | D:3      | Found a hazy altar of Hepliaklqana.
  3343 | D:3      | Reached *** piety under Zin
  3518 | D:3      | Donated 90 gold pieces to Zin
  3641 | D:4      | Reached XP level 6. HP: 37/37 MP: 5/5
  3665 | D:4      | Found a hide-covered altar of Uskayaw.
  3683 | D:4      | Noticed a black bear
  3687 | D:4      | Reached skill level 7 in Ranged Weapons
  3687 | D:4      | Reached skill level 1 in Invocations
  3692 | D:4      | Killed a black bear
  3765 | D:4      | Reached XP level 7. HP: 19/42 MP: 7/7
  4199 | D:4      | Found a burning altar of Makhleb.
  4278 | D:4      | Noticed Ijyb
  4289 | D:4      | Killed Ijyb
  4465 | D:4      | Found an ancient bone altar of Kikubaaqudgha.
  4471 | D:4      | Reached **** piety under Zin
  4720 | D:5      | Entered Level 5 of the Dungeon
  4879 | D:4      | Reached skill level 5 in Dodging
  5195 | D:5      | Found a sparkling altar of Nemelex Xobeh.
  5375 | D:5      | Found a broken altar of Ashenzari.
  5453 | D:5      | Found a runed translucent door.
  5456 | D:5      | Noticed Crazy Yiuf
  5482 | D:5      | Noticed Menkaure
  5490 | D:5      | Killed Menkaure
  5491 | D:5      | Reached skill level 8 in Ranged Weapons
  5491 | D:5      | Reached XP level 8. HP: 29/48 MP: 9/9
  5707 | D:5      | Slain by a wight

Illustrated notes

Levels and vault maps discovered:
D:1:      ncdulo_watergridlock, layout_basic, chequers_ecumenical_altar_island,
          nicolae_shop_vocational
D:2:      layout_basic
D:3:      layout_rooms, marbit_many_paths, overflow_temple_1_default,
          zin_academy, minmay_overflow_temple_star_quad, serial_shops, shop,
          grunt_ministairs_3, kennysheep_orc_chapel
D:4:      layout_loops_ring, kennysheep_vampire_church,
          mainiacjoe_overflow_alcove_1, lemuel_round_altar, uniq_ijyb
D:5:      layout_cave_pools, nicolae_ashenzari_skybound,
          mainiacjoe_overflow_boulevard, serial_gnoll_camp,
          gnoll_camp_mini_shop, gnoll_camp_mini_house, gnoll_camp_mini_hut,
          gnoll_camp_mini_hut, ebering_ghost_reflecting_pool,
          uniq_crazy_yiuf_cottage, uniq_edmund, uniq_menkaure

Skill      XL: |  1  2  3  4  5  6  7  8 |
---------------+-------------------------+-----
Ranged Weapons | 6 7 8 |  8.4
Short Blades   | 1 2 |  2.8
Dodging        | 3 4 5 |  5.7
Fighting       | 3 4 |  4.9
Invocations    | 1 3 |  3.2
Stealth        | 2 |  2.0

Action                   |  1- 3 |  4- 6 |  7- 9 || total
-------------------------+-------+-------+-------++-------
Melee: Dagger            |    25 |       |       ||    25
       Short sword       |     6 |    41 |       ||    47
       Punch             |       |     1 |       ||     1
 Fire: Shortbow          |    69 |   102 |   120 ||   291
Invok: Donate Gold       |       |     1 |       ||     1
       Recite            |       |     1 |     1 ||     2
  Use: Scroll            |     6 |     2 |     2 ||    10
       Potion            |     4 |     2 |     2 ||     8
 Stab: Sleeping          |       |     1 |       ||     1
Armor: Leather armour    |    15 |    25 |    10 ||    50
Dodge: Dodged            |    48 |    87 |    73 ||   208
